 Dungeon Crawl Stone Soup version 0.28.0-53-g5a82cb258f (webtiles) character file.

Game seed: 16140002421094266943

6440 Faeu the Cleaver (level 10, -19/148 HPs)
             Began as a Minotaur Berserker on May 25, 2022.
             Was a High Priest of Trog.
             Demolished by an orc warrior
             ... wielding a +0 glaive
              (33 damage)
             ... in a bailey.
             The game lasted 00:28:00 (8513 turns).

Faeu the Cleaver (Minotaur Berserker)               Turns: 8513, Time: 00:28:01

Health: -19/148    AC: 21    Str: 26    XL:     10   Next: 67%
Magic:  9/9        EV:  8    Int:  4    God:    Trog [*****.]
Gold:   416        SH:  0    Dex: 10    Spells: 9/9 levels left

rFire   . . .      SeeInvis .   c - +1 dire flail (drain) {mace}
rCold   . . .      Faith    .   (shield currently unavailable)
rNeg    . . .      Spirit   .   I - +0 plate armour
rPois   .          Reflect  .   (helmet restricted)
rElec   .          Harm     .   n - +0 cloak
rCorr   .          Rampage  .   m - +2 pair of gloves
Will    +....                   (no boots)
Stlth   ..........              (no amulet)
HPRegen 0.34/turn               M - +4 ring of protection
MPRegen 0.11/turn               G - ring of willpower

@: berserking (expiring), very quick
A: horns 2, retaliatory headbutt
a: Renounce Religion, Berserk, Trog's Hand, Brothers in Arms


You were in a bailey.
You worshipped Trog.
Trog was extremely pleased with you.
You visited 1 branch of the dungeon, and saw 8 of its levels.
You also visited: Ossuary and Bailey.

You collected 416 gold pieces.


Innate Abilities, Weirdness & Mutations

You have a pair of horns on your head.
You reflexively headbutt those who attack you in melee.


   Skills:
 - Level 12.5 Fighting
 + Level 14.0 Axes
 + Level 7.1 Armour
 - Level 2.1 Dodging


You had 9 spell levels left.
You didn't know any spells.
Your spell library contained the following spells:

 Spells                   Type           Power      Damage    Failure   Level
 Gell's Gravitas          Tloc           0%         N/A       100%        3
 Lesser Beckoning         Tloc           0%         N/A       100%        3
 Portal Projectile        Hex/Tloc       0%         N/A       100%        3
 Teleport Other           Tloc           0%         N/A       100%        3
 Blade Hands              Tmut           0%         N/A       100%        5
 Excruciating Wounds      Necr           0%         N/A       100%        5

Inventory:

Hand Weapons
 a - a +0 hand axe {axe}
 c - a +1 dire flail of draining (weapon) {mace}
   (You took it off Edmund on level 4 of the Dungeon)
 q - a +0 mace of holy wrath {mace}
   (You found it on level 3 of the Dungeon)
Missiles
 H - 5 boomerangs (quivered) {throwing}
 O - 4 poisoned darts {throwing}
 R - 3 throwing nets {=f!fthrowing}
Armour
 b - a +0 animal skin
 m - a +2 pair of gloves (worn)
   (You found it on level 3 of the Dungeon)
 n - a +0 cloak (worn)
   (You found it on level 3 of the Dungeon)
 p - a +0 chain mail
   (You took it off Ijyb on level 3 of the Dungeon)
 I - a +0 plate armour (worn)
   (You took it off an orc warrior on level 6 of the Dungeon)
 L - a +2 robe of willpower
   (You took it off Dowan on level 7 of the Dungeon)
 Q - a +1 scale mail of cold resistance
   (You took it off Harold on level 7 of the Dungeon)
Jewellery
 y - a ring of positive energy
   (You found it in an ossuary)
 G - a ring of willpower (right hand)
   (You found it on level 6 of the Dungeon)
 M - a +4 ring of protection (left hand)
   (You found it on level 7 of the Dungeon)
Wands
 o - a wand of flame (37)
   (You took it off Ijyb on level 3 of the Dungeon)
 J - a wand of digging (1)
   (You took it off an orc warrior on level 6 of the Dungeon)
 P - a wand of paralysis (4)
   (You found it on level 7 of the Dungeon)
Scrolls
 f - 7 scrolls of enchant armour
 g - 2 scrolls of fog
 i - 2 scrolls of blinking {!r}
 l - a scroll of immolation {!r!r}
 r - 2 scrolls of holy word
 s - 2 scrolls of teleportation {@r4}
 u - a scroll of fear
 v - a scroll of amnesia
 w - a scroll of enchant weapon
 x - 2 scrolls of magic mapping {!r}
 z - 2 scrolls of identify {@r1}
 B - a scroll of acquirement {unknown}
 E - 3 scrolls of noise {!r}
 F - a scroll of torment {unknown}
 N - a scroll of brand weapon {unknown}
Potions
 d - 2 potions of attraction {unknown}
 e - 4 potions of haste {@q3}
 h - a potion of mutation {unknown}
 j - a potion of cancellation {unknown}
 k - a potion of berserk rage {unknown}
 t - 5 potions of heal wounds {@q2}
 A - 3 potions of curing {@q1}
 C - a potion of magic {unknown}
 D - 2 potions of resistance {unknown}
 K - a potion of lignification {unknown}

Dungeon Overview and Level Annotations

Branches:
Dungeon (8/15)             Temple (0/1) D:5            Lair (0/6) D:8
Ossuary (visited)          Bailey (1/1)

Altars:
Cheibriados
Kikubaaqudgha
Ru
Trog
Wu Jian
Yredelemnul

Shops:
D:5 ! D:7

[ .≈≈.....) ..≈≈≈≈≈≈≈
#........
#####+############
##......... #.$$$.#
#+..≈§≈.≈≈≈. #.$.##
##..§≈.....§≈ ##.##.
#..≈≈...⌠...§ #+#..
#...@oo⌠∩⌠§§ #..
##.)≈≈o..§§§ ##.
##..≈≈≈≈≈≈§ ## ##....§§§§
#
########'###+############
........##.....##.....)..
≈≈≈≈≈≈≈..##.∩.##..≈≈≈≈≈))
......≈≈.)## ##..≈≈......
#####..≈≈..###..≈≈..#####


You could see 2 orc knights and an orc warrior (strong).


Message History

There are monsters nearby!
You puncture the orc!
You kill the orc!
Trog accepts your kill.
The orc hits you from afar with a +0 spear. 😕 HP[-3]
You take 3 damage, and now have 96/99 hp.
An orc is nearby!
The orc completely misses you. 😕 HP[+1]
An orc is nearby!
You hit the orc. You drain the orc. The orc hits you but does no damage.
An orc is nearby!
You hit the orc.
You kill the orc!
Trog accepts your kill.
Things that are here:
a +0 trident {polearm}; a +0 scale mail No target in view! 😎 HP[+2]
Things that are here:
a +0 spear {polearm}; a +0 ring mail; an orc corpse No target in view!
You open the door.
An orc warrior and 2 orc knights come into view.
The orc knight shouts!
The orc warrior shouts!
The orc knight shouts!
You hear a shout!
The orc knight roars a battlecry!
The orcs go into a battle-frenzy!
An orc knight comes into view. It is wielding a +0 halberd.
Found a gate leading back out of this place.
No reachable target in view!
There are monsters nearby!
No reachable target in view!
There are monsters nearby!
No reachable target in view!
There are monsters nearby!
No reachable target in view!
There are monsters nearby!
No reachable target in view!
There is an open door here.
The orc warrior closely misses you.
The orc knight hits you but does no damage.
Why would you want to do that? The orc warrior barely misses you.
The orc knight hits you with a +0 glaive!!
The orc knight roars a battlecry!
The orc knight goes into a battle-frenzy! 😮 HP[-25]
You take 25 damage, and now have 74/99 hp.
MASSIVE DAMAGE!! (PAUSE)
You don't know any spells.
A red film seems to cover your vision as you go berserk!
You feel yourself moving faster!
You feel mighty!
The orc warrior hits you from afar with a +0 glaive!
The orc knight hits you with a +0 glaive!! 😮 HP[+3]
You now have 148 max hp (+49).
You regained 3 hp, and now have 77/148 hp.
You impale the orc knight!! You drain the orc knight!
Your headbutt misses the orc knight.
The orc warrior hits you from afar with a +0 glaive!
* * * LOW HITPOINT WARNING * * *
The orc knight barely misses you. x2 😨 HP[-8]
You take 8 damage, and now have 69/148 hp.
You barely miss the orc knight. Your headbutt misses the orc knight.
You impale the orc knight!! You drain the orc knight.
You headbutt the orc knight!
You kill the orc knight!
Trog accepts your kill.
The orc knight hits you from afar with a +0 trident!
* * * LOW HITPOINT WARNING * * *
The orc warrior hits you from afar with a +0 glaive!
* * * LOW HITPOINT WARNING * * *
Your Axes skill increases to level 14!
Your Armour skill increases to level 7! 😨 HP[-22]
You take 22 damage, and now have 47/148 hp.
Things that are here:
a +0 glaive {polearm}; a +0 scale mail You feel a strong urge to attack something. 😨 HP[+1]
You closely miss the orc knight. The orc knight barely misses you.
The orc warrior barely misses you.
You closely miss the orc knight. You headbutt the orc knight!
The orc knight hits you but does no damage.
You sock the orc knight!
The orc knight hits you with a +0 trident.
* * * LOW HITPOINT WARNING * * *
The orc warrior hits you from afar with a +0 glaive!
* * * LOW HITPOINT WARNING * * *
The orc knight hits you from afar with a +0 halberd!
* * * LOW HITPOINT WARNING * * *
😱 HP[-28]
You take 28 damage, and now have 20/148 hp.
You miss the orc knight. You headbutt the orc knight!
The orc knight hits you with a +0 trident.
* * * LOW HITPOINT WARNING * * *
The orc warrior hits you from afar with a +0 glaive!!
You die...

Skill      XL: |  1  2  3  4  5  6  7  8  9 10 |
---------------+-------------------------------+-----
Fighting       | 4 5 6 7 8 10 12 | 12.5
Axes           | 4 5 6 7 8 10 12 14 | 14.0
Armour         | 7 |  7.1
Dodging        | |  2.1

Action                   |  1- 3 |  4- 6 |  7- 9 | 10-12 || total
-------------------------+-------+-------+-------+-------++-------
Melee: Hand axe          |    70 |    79 |       |       ||   149
       Headbutt          |    11 |    13 |    53 |    15 ||    92
       Punch             |     1 |       |       |       ||     1
       Dire flail        |       |     5 |   315 |    84 ||   404
Throw: Boomerang         |       |       |     2 |       ||     2
Invok: Berserk           |       |     5 |     5 |     3 ||    13
  Use: Scroll            |       |     6 |       |     8 ||    14
       Potion            |       |     1 |       |       ||     1
Armor: Animal skin       |     9 |    15 |       |       ||    24
       Chain mail        |       |    28 |   123 |       ||   151
       Plate armour      |       |       |    74 |    47 ||   121
Dodge: Dodged            |    47 |    47 |   118 |    41 ||   253

Levels and vault maps discovered:
D:1:      scummos_arrival_simple_fountains, layout_basic
D:2:      layout_rooms, basic_altar, minmay_shallow_snake_nest
D:3:      kennysheep_slugbush, layout_rooms, dreamdust_ecumenical_altar_grove,
          uniq_grinder, uniq_jessica, uniq_ijyb
D:4:      layout_layer_cave, nzn_wu_jian_council_hall, enter_ossuary_3,
          uniq_edmund, uniq_pargi, uniq_pikel
D:5:      layout_basic, trog_wizard, minmay_temple_entry_sparse_star,
          serial_shops, nicolae_shop_hallway_plus, grunt_ministairs_1,
          cheibrodos_gnoll_hut
D:6:      layout_basic, nicolae_yredelemnul_corpse_copse,
          nicolae_ru_awakened_eye
D:7:      layout_rooms, lemuel_zombie_altar_kikubaaqudgha, serial_shops,
          nicolae_shop_waterfront, minmay_shattered_shrine, uniq_harold,
          uniq_duvessa
D:8:      layout_loops_ring, mainiacjoe_overflow_cross_hatched,
          mainiacjoe_overflow_six_doors_small, erik_lair_orcish_takeover,
          enter_bailey_3, uniq_gastronok, uniq_joseph
Bailey:   bailey_polearm_1, bailey

Notes
Turn   | Place    | Note
-------+----------+-------------------------------------------
     0 | D:1      | Faeu the Minotaur Berserker began the quest for the Orb.
     0 | D:1      | Reached XP level 1. HP: 19/19 MP: 0/0
     0 | D:1      | magus.rc [v1.9.6]
   298 | D:1      | Reached skill level 4 in Fighting
   298 | D:1      | Reached skill level 4 in Axes
   320 | D:1      | Reached XP level 2. HP: 27/27 MP: 1/1
  1186 | D:2      | Found a snail-covered altar of Cheibriados.
  1286 | D:2      | Reached ** piety under Trog
  1289 | D:2      | Reached XP level 3. HP: 19/34 MP: 2/2
  1974 | D:3      | Noticed Jessica
  1981 | D:3      | Killed Jessica
  1982 | D:3      | Reached skill level 5 in Fighting
  1982 | D:3      | Reached skill level 5 in Axes
  1982 | D:3      | Reached XP level 4. HP: 30/42 MP: 3/3
  2101 | D:3      | Found a faded altar of an unknown god.
  2170 | D:3      | Noticed Ijyb
  2196 | D:3      | Killed Ijyb
  2197 | D:3      | Reached XP level 5. HP: 48/48 MP: 4/4
  2370 | D:3      | Noticed Grinder
  2385 | D:3      | Killed Grinder
  2386 | D:3      | Reached skill level 6 in Fighting
  2386 | D:3      | Reached skill level 6 in Axes
  2386 | D:3      | Reached XP level 6. HP: 58/58 MP: 5/5
  2450 | D:3      | You pick up a book of Displacement {forbidden} and begin
                  | reading...
  2450 | D:3      | You add the spells Lesser Beckoning, Gell's Gravitas and
                  | Teleport Other to your library.
  2501 | D:3      | You pick up a book of Weapons {forbidden} and begin
                  | reading...
  2501 | D:3      | You add the spells Portal Projectile, Excruciating Wounds
                  | and Blade Hands to your library.
  2695 | D:4      | Found a sand-covered staircase.
  2748 | D:4      | Found an ornate altar of the Wu Jian Council.
  2750 | D:4      | Noticed Edmund
  2765 | D:4      | HP: 15/69 [Edmund/+1 dire flail of draining (8)]
  2773 | D:4      | Killed Edmund
  2774 | D:4      | Reached skill level 7 in Fighting
  2774 | D:4      | Reached skill level 7 in Axes
  2828 | D:4      | HP: 13/53 [orc wizard/puff of flame (4)]
  2834 | D:4      | Reached XP level 7. HP: 22/60 MP: 6/6
  2834 | D:4      | Reached *** piety under Trog
  3138 | D:4      | Noticed Pargi
  3148 | D:4      | Killed Pargi
  3149 | D:4      | Reached skill level 8 in Fighting
  3149 | D:4      | Reached skill level 8 in Axes
  3194 | Ossuary  | Entered an ossuary
  3752 | Ossuary  | Reached XP level 8. HP: 52/75 MP: 7/7
  4316 | D:4      | Noticed Pikel
  4335 | D:4      | Killed Pikel
  4336 | D:4      | Reached skill level 9 in Fighting
  4336 | D:4      | Reached skill level 9 in Axes
  4757 | D:5      | Entered Level 5 of the Dungeon
  4771 | D:5      | Found Rugoifid's Distillery.
  4844 | D:5      | Reached skill level 10 in Fighting
  4844 | D:5      | Reached skill level 10 in Axes
  4855 | D:5      | Reached **** piety under Trog
  4868 | D:5      | Reached XP level 9. HP: 71/86 MP: 8/8
  5149 | D:5      | Found a staircase to the Ecumenical Temple.
  5494 | D:5      | Found a bloodstained altar of Trog.
  5495 | D:5      | Noticed a wizard
  5501 | D:5      | Killed a wizard
  6010 | D:6      | Reached skill level 11 in Fighting
  6010 | D:6      | Reached skill level 11 in Axes
  6026 | D:6      | Found a sacrificial altar of Ru.
  6386 | D:6      | Found a basalt altar of Yredelemnul.
  6675 | D:6      | Noticed a seven-headed hydra
  6884 | D:7      | Found Ucoedd's Armour Boutique.
  6896 | D:7      | Noticed Dowan
  6897 | D:7      | Noticed Duvessa
  6902 | D:7      | Killed Dowan
  6906 | D:7      | Killed Duvessa
  6907 | D:7      | Reached skill level 12 in Fighting
  6907 | D:7      | Reached skill level 12 in Axes
  7360 | D:7      | Reached XP level 10. HP: 99/99 MP: 9/9
  7408 | D:7      | Noticed Harold
  7413 | D:7      | Killed Harold
  7414 | D:7      | Reached skill level 4 in Armour
  7548 | D:7      | Reached skill level 13 in Axes
  7592 | D:7      | Found an ancient bone altar of Kikubaaqudgha.
  7864 | D:7      | Reached ***** piety under Trog
  8042 | D:7      | Noticed a gargoyle
  8042 | D:7      | Noticed a four-headed hydra
  8047 | D:7      | Killed a four-headed hydra
  8048 | D:7      | Reached skill level 5 in Armour
  8051 | D:7      | Killed a gargoyle
  8052 | D:7      | Reached skill level 6 in Armour
  8209 | D:8      | Found a flagged portal.
  8215 | Bailey   | Entered a bailey
  8500 | Bailey   | Noticed an orc knight
  8500 | Bailey   | Noticed an orc knight
  8500 | Bailey   | Noticed an orc knight
  8507 | Bailey   | Killed an orc knight
  8508 | Bailey   | Reached skill level 14 in Axes
  8508 | Bailey   | Reached skill level 7 in Armour
  8512 | Bailey   | HP: 31/148 [orc warrior/+0 glaive (15)]
  8513 | Bailey   | HP: 14/148 [orc knight/+0 trident (6)]
  8513 | Bailey   | Demolished by an orc warrior

Vanquished Creatures
  A hydra (D:7)
  Harold (D:7)
  Pikel (D:4)
  An orc knight (Bailey)
  A gargoyle (D:7)
  Grinder (D:3)
  Edmund (D:4)
  A vampire mosquito (D:7)
  A water moccasin (D:7)
  3 black bears
  Pargi (D:4)
  A sky beast (D:7)
  Duvessa (D:7)
  A hornet zombie (D:6)
  5 orc warriors
  4 ogres
  A necrophage (D:6)
  2 lemures (D:4)
  4 centaurs
  A phantom (D:5)
  A kobold brigand (D:7)
  2 bullfrogs
  A wyvern zombie (D:4)
  A scorpion (D:6)
  A water moccasin zombie (D:5)
  Dowan (D:7)
  A troll zombie (Ossuary)
  2 jellies
  A howler monkey (D:6)
  3 centaur zombies
  3 bullfrog zombies (D:6)
  4 hounds
  3 iguanas
  A centaur skeleton (D:7)
  Jessica (D:3)
  3 orc wizards
  Ijyb (D:3)
  2 killer bee zombies
  3 ogre zombies (Ossuary)
  A hound zombie (D:5)
  7 mummies (Ossuary)
  2 howler monkey zombies (D:6)
  4 gnolls
  4 adders
  A white imp (D:7)
  6 adder zombies (Ossuary)
  An adder skeleton (D:4)
  9 dart slugs (D:3)
  31 orcs
  6 ball pythons
  A bat zombie (D:7)
  6 endoplasms
  A giant cockroach (D:3)
  9 goblins
  2 hobgoblins
  2 jackals (D:5)
  11 kobolds
  5 quokkas
  5 bats
  3 frilled lizards
  2 goblin zombies (Ossuary)
  5 hobgoblin zombies (Ossuary)
  5 kobold zombies (Ossuary)
  4 quokka zombies (Ossuary)
  4 rats
  9 rat zombies
214 creatures vanquished.

Vanquished Creatures (others)
  A wizard (D:5)
  3 fungi
  10 plants
14 creatures vanquished.

Grand Total: 228 creatures vanquished

Table legend:
 A = Non-vault XP
 B = Vault XP
 C = Vault XP percentage of total XP
 D = Non-vault monster count
 E = Vault monster count
 F = Vault count percentage of total count
                 A         B        C        D         E       F
            +---------+---------+-------+---------+---------+-------
      Total |    2951 |    6250 |  67.9 |     113 |      99 |  46.7
            +---------+---------+-------+---------+---------+-------
        D:1 |      20 |       0 |   0.0 |      11 |       0 |   0.0
        D:2 |      37 |      13 |  26.0 |      16 |       1 |   5.9
        D:3 |      52 |     378 |  87.9 |      21 |      11 |  34.4
        D:4 |     410 |     956 |  70.0 |      17 |       6 |  26.1
        D:5 |     728 |     208 |  22.2 |      23 |       5 |  17.9
        D:6 |     884 |     337 |  27.6 |      15 |       7 |  31.8
        D:7 |     624 |    3046 |  83.0 |       7 |      18 |  72.0
        D:8 |     196 |       7 |   3.4 |       3 |       4 |  57.1
    Ossuary |       0 |     369 | 100.0 |       0 |      37 | 100.0
     Bailey |       0 |     936 | 100.0 |       0 |      10 | 100.0
            +---------+---------+-------+---------+---------+-------

Illustrated notes

Table legend:
 A = Kills in this place as a percentage of kills in entire the game.
 B = Kills by you in this place as a percentage of kills by you in the entire game.
 C = Kills by friends in this place as a percentage of kills by friends in the entire game.
 D = Other kills in this place as a percentage of other kills in the entire game.
 E = Experience gained in this place as a percentage of experience gained in the entire game.
 F = Experience gained in this place divided by the number of levels of this place that you have seen.
                   A       B       C       D       E      F
               +-------+-------+-------+-------+-------+----------------------
         Total | 100.0 | 100.0 |   N/A |   N/A | 100.0 | 920.1
       Dungeon |  77.8 |  77.8 |   N/A |   N/A |  85.8 | 987.0
       Ossuary |  17.5 |  17.5 |   N/A |   N/A |   4.0 | 369.0
        Bailey |   4.7 |   4.7 |   N/A |   N/A |  10.2 | 936.0
               +-------+-------+-------+-------+-------+----------------------

Table legend: (Time is in decaauts)
 A = Elapsed time spent in this place.
 B = Non-inter-level travel time spent in this place.
 C = Inter-level travel time spent in this place.
 D = Time resting spent in this place.
 E = Time spent auto-exploring this place.
 F = Levels seen in this place.
 G = Mean time per level.
                   A        B        C        D        E       F      G
               +--------+--------+--------+--------+--------+-----+--------+
         Total |   8598 |   8029 |    569 |    588 |   5670 |  10 |  859.8 |
       Dungeon |   7516 |   6947 |    569 |    585 |   4845 |   8 |  939.5 |
       Ossuary |    786 |    786 |      0 |      3 |    610 |   1 |  786.0 |
        Bailey |    295 |    295 |      0 |      0 |    214 |   1 |  295.0 |
               +--------+--------+--------+--------+--------+-----+--------+

Top non-repeatable levels by time:
     D:4: 1338 daAuts
     D:7: 1331 daAuts
     D:5: 1254 daAuts
     D:1: 1082 daAuts
     D:6: 858 daAuts
     D:2: 815 daAuts
     D:3: 788 daAuts
 Ossuary: 786 daAuts
  Bailey: 295 daAuts
     D:8: 47 daAuts
